 Dungeon Crawl Stone Soup version 0.31.0-32-g396128a36d (webtiles) character file.

Game seed: 2367941579950901371

663 bnorton916 the Magician (level 7, -1/36 HPs)
             Began as a Deep Elf Fire Elementalist on Apr 9, 2024.
             Slain by an ogre
             ... wielding a +0 giant club
              (9 damage)
             ... on level 5 of the Dungeon.
             The game lasted 00:03:34 (4818 turns).

bnorton916 the Magician (DEFE)                      Turns: 4818, Time: 00:03:34

Health: -1/36      AC:  3    Str:  5    XL:     7   Next: 31%
Magic:  11/19      EV: 12    Int: 22    God:
Gold:   179        SH:  0    Dex: 15    Spells: 12/19 levels left

rFire   . . .        (no weapon)
rCold   . . .        (no shield)
rNeg    . . .        a - +0 robe
rPois   .            n - +0 helmet
rElec   .            (no cloak)
rCorr   .            (no gloves)
SInv    .            (no boots)
Will    .....        (no amulet)
Stlth   ++           p - ring of wizardry
HPRegen 0.26/turn    (no ring)
MPRegen 0.16/turn

%: wizardry (x1)
@: no status effects
A: no striking features
a: no special abilities


You were on level 5 of the Dungeon.
You visited 1 branch of the dungeon, and saw 4 of its levels.

You collected 179 gold pieces.

Inventory:

Missiles
 h - 7 poisoned darts
Armour
 a - a +0 robe (worn)
 n - a +0 helmet (worn)
Jewellery
 f - a ring of protection from fire
 p - a ring of wizardry (left hand)
Wands
 s - a wand of iceblast (12)
Scrolls
 c - a scroll of enchant weapon {unknown}
 e - a scroll of identify {unknown}
 l - a scroll of immolation {unknown}
 m - a scroll of poison {unknown}
 q - a scroll of teleportation {unknown}
 r - 3 scrolls of blinking {unknown}
Potions
 b - a potion of magic
 d - a potion of curing {unknown}
 g - 2 potions of heal wounds {unknown}
 i - a potion of lignification {unknown}
 j - a potion of attraction {unknown}
 k - 2 potions of mutation {unknown}
 o - a potion of haste {unknown}


   Skills:
 - Level 2.4 Dodging
 - Level 2.4 Stealth
 + Level 6.8 Spellcasting
 + Level 5.0 Conjurations
 + Level 6.0 Fire Magic


You had 12 spell levels left.
You knew the following spells:

 Your Spells              Type           Power      Damage    Failure   Level
a - Foxfire               Conj/Fire      100%       2x1d9     1%          1
b - Scorch                Fire           66%        2d7       1%          2
c - Flame Wave            Conj/Fire      31%        2d9       3%          4

Your spell library contained the following spells:

 Spells                   Type           Power      Damage    Failure   Level
 Slow                     Hex            28%        N/A       3%          1
 Inner Flame              Hex/Fire       20%        N/A       3%          3
 Volatile Blastmotes      Fire/Tloc      40%        2d13      3%          3
 Confusing Touch          Hex            7%         N/A       11%         3
 Sigil of Binding         Hex            7%         N/A       11%         3
 Vampiric Draining        Necr           7%         2d6       11%         3


Dungeon Overview and Level Annotations

Branches:
Dungeon (5/15)
 Temple: D:4-7

Altars:
Fedhas
Kikubaaqudgha
Nemelex Xobeh
Ru


Message History

Casting: Foxfire (safe; 1% risk of failure)
Confirm with . or Enter, or press ? or * to list all spells.
There is not enough space to conjure foxfire!
Casting: Foxfire (safe; 1% risk of failure)
Confirm with . or Enter, or press ? or * to list all spells.
Flames lash the hound.
You kill the hound!
The ogre shouts!
Your Conjurations skill increases to level 5!
Your Fire Magic skill increases to level 6!
Your foxfire dissipates!
Casting: Scorch (safe; 1% risk of failure)
Confirm with . or Enter, or press ? or * to list all spells.
You conjure some foxfire!
The foxfire hits the ogre!
The ogre is moderately wounded.
The foxfire hits the ogre but does no damage.
The ogre is moderately wounded.
Casting: Foxfire (safe; 1% risk of failure)
Confirm with . or Enter, or press ? or * to list all spells.
You conjure some foxfire!
The ogre hits you with a +0 giant club!!
Ouch! That really hurt!
* * * LOW HITPOINT WARNING * * *
The foxfire hits the ogre.
The ogre is moderately wounded.
The ogre barely misses you.
Casting: Foxfire (safe; 1% risk of failure)
Confirm with . or Enter, or press ? or * to list all spells.
Flames lash the ogre.
The ogre is heavily wounded.
The ogre's fire resistance burns away.
The ogre barely misses you.
Unknown command.
Casting: Scorch (safe; 1% risk of failure)
Confirm with . or Enter, or press ? or * to list all spells.
Flames lash the ogre.
The ogre is burned terribly!
The ogre is almost dead.
The ogre hits you with a +0 giant club!
You die...

#........####.# #.#
#........## #.# .#
#.........# #.#
#.........# #.# ####
###...###.# #.#
...#####.#####.# #.#
...'.........#.# #.#
...#####...#.#.###.#
...# #...#.#.#@..#
...#####...#.#.#O###
.............#.#.#
.####....#####.#.#
.####....# #.#
.........# #.#
.####...####.# #.#
.............# #.#
........####.# #.#


You could see an ogre (combustible).

Vanquished Creatures
  Prince Ribbit (D:5)
  An ogre (D:5)
  A scorpion (D:4)
  3 hounds
  2 orc priests (D:4)
  An iguana (D:4)
  Terence (D:2)
  4 adders
  2 ufetubi (D:4)
  2 dart slugs (D:1)
  3 ribbon worms
  2 orcs (D:4)
  6 ball pythons
  2 bats (D:1)
  An endoplasm (D:1)
  7 giant cockroaches
  5 goblins
  2 hobgoblins
  4 jackals (D:1)
  5 quokkas
  A frilled lizard (D:1)
  9 kobolds
  4 rats
69 creatures vanquished.

Vanquished Creatures (others)
  317 foxfires
317 creatures vanquished.

Grand Total: 386 creatures vanquished

Notes
Turn   | Place    | Note
-------+----------+-------------------------------------------
     0 | D:1      | bnorton916 the Deep Elf Fire Elementalist began the quest
                  | for the Orb.
     0 | D:1      | Reached XP level 1. HP: 10/10 MP: 6/6
   401 | D:1      | Reached XP level 2. HP: 15/15 MP: 4/8
  1217 | D:1      | Reached XP level 3. HP: 19/19 MP: 6/10
  1421 | D:1      | Learned a level 2 spell: Scorch
  1855 | D:2      | Found a blossoming altar of Fedhas.
  1978 | D:2      | Noticed Terence
  1985 | D:2      | Killed Terence
  1986 | D:2      | Reached XP level 4. HP: 21/24 MP: 8/12
  2433 | D:2      | You fall into a shaft and drop 2 floors!
  3166 | D:4      | Found a sacrificial altar of Ru.
  3311 | D:4      | Noticed a scorpion
  3318 | D:4      | Killed a scorpion
  3319 | D:4      | Reached skill level 5 in Spellcasting
  3319 | D:4      | Reached XP level 5. HP: 28/28 MP: 9/14
  3543 | D:4      | Found an ancient bone altar of Kikubaaqudgha.
  3554 | D:4      | Found a sparkling altar of Nemelex Xobeh.
  3747 | D:4      | Reached skill level 5 in Fire Magic
  3747 | D:4      | Reached XP level 6. HP: 32/32 MP: 10/16
  4271 | D:5      | Entered Level 5 of the Dungeon
  4277 | D:5      | Learned a level 4 spell: Flame Wave
  4280 | D:5      | Noticed Prince Ribbit
  4295 | D:5      | Killed Prince Ribbit
  4296 | D:5      | Reached XP level 7. HP: 27/36 MP: 7/18
  4805 | D:5      | Reached skill level 5 in Conjurations
  4818 | D:5      | Slain by an ogre

Illustrated notes

Levels and vault maps discovered:
D:1:      minmay_arrival_open_corners, layout_loops_cross,
          minmay_misc_feat_more_columns
D:2:      layout_basic, basic_altar, nicolae_concentric_dashed_squares_wild,
          lightli_corner_chamber, uniq_terence
D:4:      layout_loops_corners, nicolae_ru_awakened_eye,
          amethyst_overflow_temple_binary
D:5:      layout_basic, uniq_prince_ribbit1

Skill      XL: |  1  2  3  4  5  6  7 |
---------------+----------------------+-----
Conjurations   | 2 3 4 5 |  5.0
Spellcasting   | 4 5 6 |  6.8
Fire Magic     | 4 5 6 |  6.0
Dodging        | |  2.4
Stealth        | |  2.4

Action                     |  1- 3 |  4- 6 |  7- 9 || total
---------------------------+-------+-------+-------++-------
   Cast: Foxfire           |   112 |    72 |    14 ||   198
         Scorch            |     1 |    20 |     5 ||    26
 Armour: Robe              |    11 |    24 |     3 ||    38
  Dodge: Dodged            |    16 |    22 |     3 ||    41
